Map: Chantier naval orbital

Players

lIIlllllIIll - Winner!

  • Race: Terran Terran
  • League: Silver

bartlomein

  • Race: Zerg Zerg
  • League: Silver

VOD

Have the link to the VOD?

Description

CC 1st into 4 thor all in @ 5:45 (with 12 marines and 16 scvs on auto repair)

Time

  • Played on: Oct. 26, 2015, 2:17 p.m.
  • Length: 6:59
Show
View Real Time Build Order
Export as new Build Order

lIIlllllIIll Terran - Winner!

Build Orders: Command Center First (CC) 

Get SALT Encoding   

  12  0:01  SCV  
  13  0:13  SCV  
  14  0:18  Supply Depot  
  14  0:25  SCV  
  15  0:40  SCV  
  16  0:52  SCV  
  17  1:00  Command Center  
  17  1:04  SCV  
  18  1:13  Barracks  
  18  1:16  SCV  
  19  1:21  Refinery  
  19  1:26  Refinery  
  19  1:30  SCV  
  20  1:42  SCV  
  21  1:54  SCV  
  21  2:00  Marine  
  23  2:06  Orbital Command  
  23  2:09  Factory  
  23  2:14  Orbital Command  
  23  2:18  Marine  
  24  2:32  Refinery  
  24  2:33  SCV  
  24  2:36  Marine  
  26  2:40  SCV  
  27  2:45  SCV  
  28  2:53  Supply Depot  
  28  2:56  Factory  
  28  3:03  Barracks Reactor  
  28  3:04  Factory Tech Lab  
  28  3:09  Armory  
  28  3:12  SCV x2  
  30  3:24  SCV x2  
  32  3:32  Factory Tech Lab  
  32  3:36  SCV x2, Supply Depot  
  32  3:39  Refinery  
  34  3:48  SCV x2  
  36  3:55  Thor  
  36  4:00  Terran Vehicle And Ship Armor Level 1  
  42  4:03  SCV  
  42  4:04  SCV  
  44  4:10  Thor  
  44  4:15  Supply Depot  
  50  4:18  Supply Depot  
  50  4:20  SCV  
  50  4:21  SCV  
  52  4:25  Supply Depot  
  52  4:29  Supply Depot  
  52  4:32  SCV  
  52  4:33  Marine  
  52  4:36  Marine  
  55  4:43  Thor  
  61  4:48  SCV  
  61  4:49  SCV  
  61  4:51  Marine  
  64  4:54  Marine  
  64  4:59  Thor  
  65  5:02  SCV x2  
  73  5:12  Supply Depot  
  73  5:13  Supply Depot  
  73  5:17  Supply Depot, Marine x2  
  75  5:24  SCV  
  75  5:25  SCV  
  75  5:26  Thor  
  83  5:35  Marine x2  
  83  5:42  Thor  
  91  6:06  SCV x2  
  91  6:07  Marine x2  
  91  6:09  Thor  
  101  6:12  Command Center  
  101  6:18  SCV x2  
  101  6:24  Factory  
  103  6:31  Supply Depot  
  103  6:33  Supply Depot  
Show
View Real Time Build Order
Export as new Build Order

bartlomein Zerg 

Build Orders: Hatch First 

Get SALT Encoding   

  12  0:01  Drone  
  13  0:12  Overlord  
  13  0:22  Drone  
  14  0:31  Drone  
  14  0:32  Drone  
  16  0:51  Drone  
  16  0:55  Hatchery, Drone  
  17  1:07  Drone, Extractor  
  17  1:10  Drone  
  18  1:17  Spawning Pool  
  17  1:27  Drone  
  17  1:29  Drone  
  19  1:39  Overlord  
  19  2:03  Queen  
  19  2:06  Metabolic Boost  
  21  2:08  Queen  
  21  2:09  Zergling x2  
  21  2:10  Drone, Zergling x2  
  26  2:28  Drone x3  
  29  2:34  Drone x2  
  31  2:41  Queen  
  31  2:42  Overlord  
  33  2:49  Queen  
  35  2:53  Drone  
  36  3:00  Overlord  
  36  3:13  Drone  
  36  3:14  Drone x2  
  38  3:42  Drone x5  
  38  3:43  Drone x2  
  38  3:47  Hatchery  
  44  3:51  Roach Warren  
  43  4:03  Lair  
  43  4:07  Drone  
  43  4:08  Drone x5, Extractor  
  43  4:09  Extractor  
  47  4:10  Extractor  
  46  4:28  Spore Crawler  
  46  4:30  Spore Crawler, Drone  
  46  4:31  Drone x6  
  51  4:33  Overlord  
  51  4:54  Drone x4  
  51  4:55  Overlord  
  51  4:58  Roach  
  57  5:04  Queen  
  59  5:16  Drone x3  
  59  5:17  Drone x6  
  68  5:26  Evolution Chamber  
  67  5:28  Evolution Chamber, Extractor  
  67  5:30  Zergling x2  
  67  5:31  Zergling x4  
  67  5:32  Extractor  
  67  5:37  Baneling Nest  
  66  5:45  Overlord  
  66  5:49  Overseer  
  65  5:57  Overlord  
  65  5:59  Roach x4  
  73  6:06  Roach  
  73  6:07  Overlord, Roach x3  
  73  6:08  Overlord  
  81  6:23  Overlord x3  
  81  6:31  Roach x3  
  81  6:32  Roach x5  
Tags
 
Add a new tag
Caveats
  • Supply blocks, unpowered buildings, or Contaminate may cause inaccurate times.
  • Supply counts are checked every 10 seconds.